 Dungeon Crawl Stone Soup version 0.23-a0-183-gf37f6fb109 (webtiles) character file.

3616 Jesh the Unseen (level 9, -1/43 HPs)
             Began as a Spriggan Enchanter on Sept 23, 2018.
             Was a Priest of Dithmenos.
             Slain by a black bear (6 damage)
             ... on level 8 of the Dungeon.
             The game lasted 00:31:51 (8896 turns).

Jesh the Unseen (Spriggan Enchanter)                Turns: 8896, Time: 00:31:52

Health: -1/43      AC:  5    Str:  6    XL:     9   Next: 86%
Magic:  13/19      EV: 11    Int: 17    God:    Dithmenos [***...]
Gold:   368        SH:  0    Dex: 17    Spells: 9/21 levels left

rFire    . . .     SeeInvis +   y - +6 short sword
rCold    . . .     Gourm    .   (shield restricted)
rNeg     . . .     Faith    .   b - +1 robe
rPois    .         Spirit   .   (helmet restricted)
rElec    .         Reflect  .   x - +1 cloak
rCorr    +         Harm     .   (gloves unavailable)
MR       +....     Rnd*Tele +   (boots unavailable)
Stlth    +++++++++.             (no amulet)
HPRegen  0.14/turn              m - ring of teleportation (curse)
MPRegen  0.16/turn              u - ring of resist corrosion

@: about to teleport, marked, held, wreathed by umbra, very quick
A: very small, unfitting armour, see invisible, herbivore, speed 3, slow
metabolism 2
a: Shadow Step, Renounce Religion


You were on level 8 of the Dungeon.
You worshipped Dithmenos.
Dithmenos was most pleased with you.
You were not hungry.

You visited 2 branches of the dungeon, and saw 9 of its levels.

You collected 368 gold pieces.

Inventory:

Hand Weapons
 a - a +2 dagger
 g - a +2 dagger of speed
 l - a cursed -1 dagger
 y - a +6 short sword (weapon)
Armour
 b - a +1 robe (worn)
 x - a +1 cloak (worn)
Jewellery
 m - a cursed ring of teleportation (left hand)
 n - an uncursed ring of flight
 u - a ring of resist corrosion (right hand)
 B - an uncursed amulet of faith {unknown}
Wands
 w - a wand of acid (1)
 z - a wand of enslavement (3)
 C - a wand of flame (20)
Scrolls
 c - 2 scrolls of immolation
 j - 4 scrolls of magic mapping
 o - 2 scrolls of teleportation
 p - 5 scrolls of amnesia
 t - 2 scrolls of fog
 v - 3 scrolls of fear
Potions
 e - a potion of flight
 f - a potion of brilliance
 h - 2 potions of magic
 i - a potion of lignification
 k - a potion of curing
 q - a potion of resistance
 r - a potion of heal wounds
 s - a potion of haste
 A - a potion of ambrosia
Comestibles
 d - 14 rations


   Skills:
 + Level 2.6 Fighting
 + Level 3.8 Short Blades
 + Level 5.9 Dodging
 + Level 15.8 Stealth
 + Level 6.5 Spellcasting
 + Level 7.1 Hexes


You had 9 spell levels left.
You knew the following spells:

 Your Spells              Type           Power        Failure   Level  Hunger
a - Ensorcelled Hibernat  Hex/Ice        ###...       4%          2    None
b - Corona                Hex            ####...      1%          1    None
c - Confuse               Hex            ####....     1%          3    ##.....
d - Tukima's Dance        Hex            ####....     1%          3    ##.....
e - Dazzling Spray        Conj/Hex       ###...       9%          3    ##.....

Your spell library contained the following spells:

 Spells                   Type           Power        Failure   Level  Hunger
 Slow                     Hex            ####....     1%          2    None
 Freeze                   Ice            #...         12%         1    None
 Magic Dart               Conj           #...         12%         1    None
 Blink                    Tloc           N/A          19%         2    None
 Call Imp                 Summ           #.......     19%         2    None
 Searing Ray              Conj           #.....       19%         2    None
 Throw Frost              Conj/Ice       #.....       19%         2    None
 Fulminant Prism          Conj/Hex       ###.......   28%         4    ####...
 Conjure Flame            Conj/Fire      #.......     36%         3    ##.....
 Mephitic Cloud           Conj/Pois/Air  #.......     36%         3    ##.....
 Ozocubu's Armour         Chrm/Ice       #.......     36%         3    ##.....
 Force Lance              Conj/Tloc      #.......     77%         4    ####...
 Iskenderun's Mystic Bla  Conj           #.......     77%         4    ####...
 Summon Ice Beast         Ice/Summ       #.......     77%         4    ####...
 Throw Icicle             Conj/Ice       #.......     77%         4    ####...


Dungeon Overview and Level Annotations

Branches:
Dungeon (8/15)             Temple (1/1) D:4
   Lair: D:8-11

Altars:
Ashenzari
Cheibriados
Dithmenos
Elyvilon
Fedhas
Gozag
Hepliaklqana
Kikubaaqudgha
Nemelex Xobeh
Okawaru
Qazlal
Ru
Sif Muna
Trog
Uskayaw
Vehumet
Wu Jian
Xom
Yredelemnul
Zin
The Shining One

Annotations:
D:8 Harold


Innate Abilities, Weirdness & Mutations

You are very small and have problems with some larger weapons.
You are too small for most types of armour.
You have supernaturally acute eyesight. (SInv)
You are a herbivore.
You cover ground extremely quickly.
You need to consume almost no food.


Message History

The ogre shouts!
Harold throws a throwing net.
The throwing net closely misses you.
An orc comes into view.
As you read the scroll of teleportation, it crumbles to dust.
You feel strangely unstable.
The black bear completely misses you. x2
The black bear misses you.
An adder comes into view.
The black bear barely misses you. The black bear completely misses you.
The black bear claws you.
Harold throws a throwing net.
The throwing net hits you.
You become entangled in the net!
The howler monkey hits you.
An orc comes into view. It is wielding a hand axe.
Unknown command.
Unknown command.
You struggle against the net.
The orc priest invokes the aid of Beogh against you.
Beogh smites you!
* * * LOW HITPOINT WARNING * * *
The black bear bites you.
You die...

#...a.....####
#.........#..Y
#...O.>...'.
#....?...S#
#.....(...#
#........(#
######'####
#.(hF...#
#..@hs..#
#.$.....#
......#..Z.ooo..
#####.#@........
#.#######... #.
#.. #. Z #.


You could see Harold, a black bear (berserk), a bullfrog, a howler monkey, an
orc priest, an adder, 2 orcs, a hound zombie and a giant cockroach.

Vanquished Creatures
  Joseph (D:7)
  Edmund (D:4)
  2 water moccasins
  An orc warrior (D:7)
  6 sky beasts
  3 ogres
  A phantom (D:7)
  4 centaurs
  A scorpion (D:5)
  5 wights (D:6)
  6 howler monkeys
  2 crimson imps
  7 hounds
  A bullfrog skeleton (D:4)
  3 centaur skeletons
  4 orc priests
  An iguana (D:6)
  Ijyb (D:5)
  3 orc wizards
  6 worker ants
  A killer bee zombie (D:7)
  2 hound skeletons
  A howler monkey zombie (D:8)
  12 gnolls
  11 adders
  A shadow imp (D:6)
  An ooze (D:6)
  2 adder skeletons
  A worm (D:2)
  3 dart slugs
  5 leopard geckos
  20 orcs
  5 giant cockroaches
  2 gnoll zombies (D:4)
  8 goblins
  5 hobgoblins
  4 jackals (D:2)
  7 kobolds
  3 quokkas
  A ball python (D:2)
  3 bats
  5 frilled lizards
  A quokka zombie (D:6)
  7 rats
170 creatures vanquished.

Vanquished Creatures (others)
  A dancing weapon (D:3)
1 creature vanquished.

Grand Total: 171 creatures vanquished

Notes
Turn   | Place    | Note
-------+----------+-------------------------------------------
     0 | D:1      | Jesh the Spriggan Enchanter began the quest for the Orb.
     0 | D:1      | Reached XP level 1. HP: 9/9 MP: 5/5
   905 | D:1      | Reached XP level 2. HP: 13/13 MP: 7/7
   910 | D:1      | Learned a level 2 spell: Ensorcelled Hibernation
  1693 | D:2      | Found a shadowy altar of Dithmenos.
  1715 | D:2      | Became a worshipper of Dithmenos the Shadowed
  1797 | D:2      | Reached XP level 3. HP: 16/16 MP: 1/9
  1802 | D:2      | Learned a level 3 spell: Confuse
  1806 | D:2      | Learned a level 3 spell: Tukima's Dance
  2232 | D:2      | Reached XP level 4. HP: 21/21 MP: 11/11
  2273 | D:2      | Reached * piety under Dithmenos
  2536 | D:3      | Reached skill level 5 in Hexes
  3032 | D:3      | Reached skill level 5 in Spellcasting
  3032 | D:3      | Reached XP level 5. HP: 24/24 MP: 1/13
  3044 | D:3      | Learned a level 3 spell: Dazzling Spray
  3348 | D:3      | Found a faded altar of an unknown god.
  3440 | D:3      | Reached skill level 5 in Stealth
  3740 | D:3      | Reached skill level 6 in Stealth
  4017 | D:3      | Reached XP level 6. HP: 28/28 MP: 11/14
  4262 | D:4      | Found a staircase to the Ecumenical Temple.
  4278 | Temple   | Entered the Ecumenical Temple
  4431 | D:4      | Reached skill level 7 in Stealth
  4671 | D:4      | Reached skill level 8 in Stealth
  4685 | D:4      | Noticed Edmund
  4703 | D:4      | Killed Edmund
  4703 | D:4      | Reached skill level 9 in Stealth
  4703 | D:4      | Reached XP level 7. HP: 32/32 MP: 2/15
  5070 | D:4      | Found a basalt altar of Yredelemnul.
  5101 | D:4      | Found a sparkling altar of Nemelex Xobeh.
  5448 | D:5      | Entered Level 5 of the Dungeon
  5458 | D:5      | Reached skill level 10 in Stealth
  5517 | D:5      | Reached skill level 11 in Stealth
  5556 | D:5      | Reached ** piety under Dithmenos
  5690 | D:5      | Reached skill level 12 in Stealth
  5733 | D:5      | Noticed Ijyb
  5775 | D:5      | Reached XP level 8. HP: 29/36 MP: 11/16
  5940 | D:4      | Reached skill level 13 in Stealth
  6151 | D:5      | Killed Ijyb
  6695 | D:6      | Reached skill level 14 in Stealth
  6840 | D:6      | Reached skill level 15 in Stealth
  7369 | D:6      | Found a sacrificial altar of Ru.
  7392 | D:6      | Reached XP level 9. HP: 40/40 MP: 16/18
  7475 | D:6      | Reached skill level 1 in Fighting
  8115 | D:7      | Reached *** piety under Dithmenos
  8142 | D:7      | Reached skill level 5 in Dodging
  8315 | D:7      | Found a white marble altar of Elyvilon.
  8346 | D:7      | Noticed Joseph
  8418 | D:7      | Killed Joseph
  8882 | D:8      | Noticed Harold
  8896 | D:8      | Slain by a black bear

Vault maps used:
D:1:      kilobyte_arrival_exit_the_forest, serial_corexii_hall,
          corexii_hall_statues_x, corexii_hall_statues_x,
          corexii_hall_statues_l, corexii_hall_statues_s, minmay_misc_feat_rows
D:2:      nicolae_dithmenos_shadow_blocks
D:3:      chequers_ecumenical_altar_lobes, supply_closet_lemuel
D:4:      nemelex_xobeh_ov_fountains_minmay, lemuel_zombie_altar_yredelemnul,
          minmay_temple_entry_glassed_door, uniq_edmund
D:5:      kennysheep_six_static_rooms, first_ration, uniq_ijyb
D:6:      nicolae_overflow_hidden_temple
D:7:      old_standard_altar, uniq_joseph
D:8:      minmay_statue_hallways, lair_entry_dummy, ebering_ghost_gozag,
          uniq_maurice, uniq_harold
Temple:   eino_temple_scatter_basement

Skill      XL: |  1  2  3  4  5  6  7  8  9 |
---------------+----------------------------+-----
Spellcasting   | 3 4 5 6 |  6.5
Hexes          | 4 5 7 |  7.1
Stealth        | 6 9 12 15 | 15.8
Fighting       | 2 |  2.6
Short Blades   | 3 |  3.8
Dodging        | 5 |  5.9

Action                   |  1- 3 |  4- 6 |  7- 9 || total
-------------------------+-------+-------+-------++-------
Melee: Dagger            |   133 |   109 |   124 ||   366
       Short sword       |       |       |    85 ||    85
 Cast: Corona            |     5 |       |     1 ||     6
       Ensorcelled Hiber |    13 |    35 |    37 ||    85
       Tukima's Dance    |       |     4 |     2 ||     6
       Confuse           |       |     4 |    23 ||    27
       Dazzling Spray    |       |     4 |     3 ||     7
Evoke: Wand              |       |       |    15 ||    15
  Use: Scroll            |     7 |     6 |    10 ||    23
       Potion            |       |     1 |     3 ||     4
 Stab: Sleeping          |    14 |    28 |    50 ||    92
       Distracted        |       |     1 |       ||     1
       Confused          |       |     2 |    12 ||    14
       Invisible         |       |       |     1 ||     1
  Eat: Ration            |       |     2 |     3 ||     5
Armor: Robe              |     9 |     7 |    10 ||    26
Dodge: Dodged            |    92 |    76 |   170 ||   338

Table legend:
 A = Non-vault XP
 B = Vault XP
 C = Vault XP percentage of total XP
 D = Non-vault monster count
 E = Vault monster count
 F = Vault count percentage of total count
                 A         B        C        D         E       F
            +---------+---------+-------+---------+---------+-------
      Total |    4035 |    1131 |  21.9 |     159 |      11 |   6.5
            +---------+---------+-------+---------+---------+-------
        D:1 |      23 |       0 |   0.0 |      15 |       0 |   0.0
        D:2 |      79 |       0 |   0.0 |      24 |       0 |   0.0
        D:3 |     290 |       0 |   0.0 |      34 |       0 |   0.0
        D:4 |     324 |     155 |  32.4 |      13 |       3 |  18.8
        D:5 |     618 |     474 |  43.4 |      18 |       7 |  28.0
        D:6 |    1460 |       0 |   0.0 |      26 |       0 |   0.0
        D:7 |    1220 |     502 |  29.2 |      27 |       1 |   3.6
        D:8 |      21 |       0 |   0.0 |       2 |       0 |   0.0
            +---------+---------+-------+---------+---------+-------
